 Dungeon Sprint DCSS version 0.27-a0-29-g2d0a2396b0 (webtiles) character file.

Game seed: 15571782559977134473

221754 mhtbhm the Minotaur Barricade (level 17, -24/190 HPs)
             Began as a Minotaur Fighter on Jan 3, 2021.
             Was the Champion of the Shining One.
             Annihilated by a vampire knight
             ... wielding a +0 halberd
              (27 damage)
             ... while paralysed by a vampire knight
             ... in the Dungeon (Sprint IX: "|||||||||||||||||||||||||||||").
             The game lasted 00:20:40 (8407 turns).

mhtbhm the Minotaur Barricade (Minotaur Fighter)    Turns: 8407, Time: 00:20:40

Health: -24/190    AC: 33    Str: 28    XL:     17   Next: 13%
Magic:  31/31      EV:  2    Int:  5    God:    the Shining One [******]
Gold:   1160       SH:  0    Dex: 15    Spells: 16/16 levels left

rFire    + . .     SeeInvis .   a - +7 long sword "Nypuch" {speed, rPois Str+2}
rCold    + . .     Faith    +   c - +2 kite shield {reflect}
rNeg     + + +     Spirit   .   b - +3 plate armour {rC+}
rPois    +         Reflect  +   D - +1 hat
rElec    .         Harm     .   i - +1 cloak
rCorr    .         Rampage  .   m - +2 pair of gloves {Dex+3}
Will     +....     NoTele   +   u - +2 pair of boots {Stlth+}
Stlth    ..........             q - amulet of faith
HPRegen  0.41/turn              n - +4 ring of evasion
MPRegen  0.22/turn              v - ring of protection from fire

@: paralysed, glowing
A: retaliatory headbutt, horns 2
}: 4/17 runes: decaying, serpentine, barnacled, gossamer
a: Renounce Religion, Divine Shield, Cleansing Flame, Summon Divine Warrior,
Brand Weapon With Holy Wrath


You were in the Dungeon.
You worshipped the Shining One.
The Shining One was exalted by your worship.
You visited 1 branch You collected 1935 gold pieces.
You spent 775 gold pieces at shops.

Inventory:

Hand Weapons
 a - the +7 long sword "Nypuch" (weapon) {speed, rPois Str+2}
   (You found it in the Dungeon)

   Attacks with this weapon are significantly faster.
   It affects your strength (+2).
   It protects you from poison.
 z - a +1 double sword of holy wrath
Missiles
 p - 47 silver javelins (quivered)
Armour
 b - a +3 plate armour of cold resistance (worn)
 c - a +2 kite shield of reflection (worn)
 i - a +1 cloak (worn)
 m - a +2 pair of gloves of dexterity (worn)
 u - a +2 pair of boots of stealth (worn)
 D - a +1 hat (worn)
Jewellery
 n - a +4 ring of evasion (left hand)
 q - an amulet of faith (around neck)
 v - a ring of protection from fire (right hand)
 y - an uncursed ring of willpower
 B - a +4 ring of evasion
Scrolls
 j - 3 scrolls of blinking
 k - 5 scrolls of remove curse
 l - 2 scrolls of amnesia
 r - 8 scrolls of enchant armour
 s - 5 scrolls of identify
 w - a scroll of fog
Potions
 d - a potion of might
 e - 5 potions of curing
 f - 3 potions of heal wounds
 g - 3 potions of haste
 h - 4 potions of magic
 o - 3 potions of brilliance
 E - a potion of mutation


   Skills:
 + Level 26.9 Fighting
 O Level 27 Long Blades
 * Level 14.3 Throwing
 + Level 20.1 Armour
 + Level 11.5 Dodging
 - Level 1.2 Stealth
 O Level 27 Shields
 * Level 22.8 Invocations
 + Level 5.4 Evocations


You had 16 spell levels left.
You didn't know any spells.
Your spell library was empty.

Dungeon Overview and Level Annotations

Branches:
Dungeon (1/1)

Altars:
Cheibriados
Dithmenos
Elyvilon
Fedhas
Gozag
Hepliaklqana
Kikubaaqudgha
Makhleb
Nemelex Xobeh
Okawaru
Qazlal
Ru
Sif Muna
Trog
Uskayaw
Vehumet
Wu Jian
Xom
Yredelemnul
Zin
The Shining One
Beogh
Jiyva
Lugonu

Shops:
D [![[


Innate Abilities, Weirdness & Mutations

You reflexively headbutt those who attack you in melee.
You have a pair of horns on your head.


Message History

The emperor scorpion is lightly wounded.
The silver javelin pierces through the royal mummy!
The royal mummy is lightly damaged.
The silver javelin pierces through the emperor scorpion!!
The emperor scorpion is moderately wounded.
The vampire knight gestures at you while chanting.
You suddenly lose the ability to move!
The royal mummy calls on the powers of darkness!
The emperor scorpion convulses! x2; Your body is wracked with pain!
* * * LOW HITPOINT WARNING * * *
Welcome back, mhtbhm the Minotaur Fighter.
The Shining One says: Lead the forces of light to victory!
Press ? for a list of commands and other information.
The vampire knight hits you from afar with a +0 halberd!
* * * LOW HITPOINT WARNING * * *
The vampire knight hits you from afar with a +0 halberd!!
* * * LOW HITPOINT WARNING * * *
The royal mummy mumbles some strange words.
The vampire knight hits you from afar with a +0 halberd!!
You die...

▓▓▓▓▓▓▓▓▓▓▓▓▓▓▓▓▓▓▓▓▓▓▓▓▓▓
+.(sMssV[@.[[([$([+...)...
▓▓▓▓▓▓▓▓▓▓▓▓▓▓▓▓▓▓▓▓▓▓▓▓▓▓▓▓▓▓▓▓▓
.......))........................
▓▓▓▓▓▓▓▓▓▓▓▓▓♣♣♣♣♣♣♣♣♣♣♣♣♣♣▓▓▓▓▓▓
.......†††††'.....[.[††††.[.[))[.
▓▓▓▓▓▓▓▓▓▓▓▓▓♣♣♣♣♣♣♣♣♣♣♣♣♣♣▓▓▓▓▓▓
.................................
▓▓▓▓▓▓▓▓▓▓▓▓▓▓▓▓▓▓▓▓▓▓▓▓▓▓▓▓▓▓▓▓▓
....'.....................[[[[[..


You could see a royal mummy, 3 emperor scorpions and a vampire knight (fast,
strong).

Vanquished Creatures
  Mennas (D)
  Sojobo (D)
  A royal mummy (D)
  Boris (D)
  Saint Roka (D)
  Nikola (D)
  An Orb Guardian (D)
  Agnes (D)
  2 tengu reavers (D)
  2 shadow dragons (D)
  Donald (D)
  4 nagarajas (D)
  A frost giant (D)
  6 emperor scorpions (D)
  Aizul (D)
  3 vault wardens (D)
  6 stone giants (D)
  A war gargoyle (D)
  A very ugly thing (D)
  2 ironheart preservers (D)
  Azrael (D)
  An ettin (D)
  7 merfolk javelineers (D)
  A merfolk impaler (D)
  An ogre mage (D)
  3 great orbs of eyes (D)
  A yaktaur captain (D)
  2 fire dragons (D)
  Harold (D)
  25 vault guards (D)
  5 naga warriors (D)
  8 hydras (D)
  A ghost crab (D)
  2 rakshasas (D)
  2 spriggan air magi (D)
  2 ice dragons (D)
  2 boulder beetles (D)
  2 merfolk avatars (D)
  3 merfolk aquamancers (D)
  2 deep troll shamans (D)
  3 centaur warriors (D)
  2 two-headed ogres (D)
  Urug (D)
  2 deep troll earth magi (D)
  2 spriggan berserkers (D)
  8 orc high priests (D)
  A goliath frog (D)
  2 unseen horrors (D)
  2 glowing orange brains (D)
  A sea snake (D)
  4 ironbrand convokers (D)
  6 swamp dragons (D)
  2 harpies (D)
  A mana viper (D)
  11 orc knights (D)
  An orc sorcerer (D)
  2 orb spiders (D)
  A cyclops (D)
  A wolf spider (D)
  A salamander (D)
  2 will-o-the-wisps (D)
  2 vault sentinels (D)
  A moth of wrath (D)
  4 naga magi (D)
  5 black mambas (D)
  An elephant (D)
  A gargoyle (D)
  4 cane toads (D)
  2 komodo dragons (D)
  2 yaktaurs (D)
  A freezing wraith (D)
  8 demonic crawlers (D)
  A meliai (shapeshifter) (D)
  2 trolls (D)
  4 tyrant leeches (D)
  A merfolk (D)
  A tengu conjurer (D)
  A polar bear (shapeshifter) (D)
  A jumping spider (D)
  A hornet (D)
  3 blink frogs (D)
  2 snapping turtles (D)
  A slime creature (D)
  A dream sheep (D)
  A blink frog (shapeshifter) (D)
  A tarantella (D)
  3 redbacks (D)
  A water elemental (D)
  A wraith (D)
  3 yaks (D)
  A basilisk (D)
  2 fire elementals (D)
  A steam dragon (D)
  A vampire mosquito (D)
  2 nagas (D)
  4 hell hounds (D)
  3 water moccasins (D)
  An acid dragon (D)
  9 orc warriors (D)
  A swamp drake (D)
  An ice beast (D)
  A sky beast (D)
  2 ogres (D)
  4 bullfrogs (D)
  2 howler monkeys (D)
  A hound (D)
  3 orc priests (D)
  A jelly (D)
  An iguana (D)
  3 orc wizards (D)
  An adder (D)
  A shadow imp (D)
  An ooze (D)
  An adder skeleton (D)
  9 orcs (D)
  A giant cockroach (D)
  A goblin (D)
  A hobgoblin (D)
  A jackal (D)
  A rat (D)
288 creatures vanquished.

Vanquished Creatures (collateral kills)
  Ilsuiw (D)
  A merfolk javelineer (D)
2 creatures vanquished.

Vanquished Creatures (others)
  An eleionoma (D)
  A merfolk aquamancer (D)
  An alligator (D)
  A swamp dragon (D)
  A will-o-the-wisp (D)
  A vault sentinel (D)
  A boggart (D)
  2 foxfires (D)
9 creatures vanquished.

Grand Total: 299 creatures vanquished

Notes
Turn   | Place    | Note
-------+----------+-------------------------------------------
     0 | D        | mhtbhm the Minotaur Fighter began the quest for the Orb.
     0 | D        | Reached XP level 1. HP: 19/19 MP: 0/0
     5 | D        | Banished a spatial maelstrom
     9 | D        | Reached XP level 2. HP: 28/28 MP: 1/1
    19 | D        | Noticed a howler monkey
    19 | D        | Noticed an ice beast
    30 | D        | Reached skill level 5 in Fighting
    30 | D        | Reached skill level 5 in Armour
    30 | D        | Reached skill level 5 in Shields
    30 | D        | Reached XP level 3. HP: 29/36 MP: 2/2
    40 | D        | Killed an ice beast
    41 | D        | Reached skill level 1 in Dodging
    41 | D        | Reached XP level 4. HP: 39/45 MP: 3/3
    43 | D        | Reached skill level 5 in Long Blades
    43 | D        | Reached XP level 5. HP: 35/52 MP: 4/4
    51 | D        | Found a roughly hewn altar of Beogh.
    51 | D        | Found a snail-covered altar of Cheibriados.
    51 | D        | Found a shadowy altar of Dithmenos.
    51 | D        | Found a white marble altar of Elyvilon.
    51 | D        | Found a blossoming altar of Fedhas.
    51 | D        | Found an opulent altar of Gozag.
    52 | D        | Found a hazy altar of Hepliaklqana.
    53 | D        | Found a viscous altar of Jiyva.
    54 | D        | Found an ancient bone altar of Kikubaaqudgha.
    55 | D        | Found a corrupted altar of Lugonu.
    56 | D        | Found a burning altar of Makhleb.
    57 | D        | Found a sparkling altar of Nemelex Xobeh.
    58 | D        | Found an iron altar of Okawaru.
    59 | D        | Found a stormy altar of Qazlal.
    60 | D        | Found a sacrificial altar of Ru.
    61 | D        | Found a shimmering blue altar of Sif Muna.
    62 | D        | Found a bloodstained altar of Trog.
    63 | D        | Found a hide-covered altar of Uskayaw.
    64 | D        | Found a radiant altar of Vehumet.
    65 | D        | Found an ornate altar of the Wu Jian Council.
    66 | D        | Found a shimmering altar of Xom.
    67 | D        | Found a basalt altar of Yredelemnul.
    68 | D        | Found a glowing silver altar of Zin.
    69 | D        | Found a glowing golden altar of the Shining One.
    77 | D        | Became a worshipper of the Shining One
    89 | D        | Got the +2 rapier "Ultimatum" {pain, rF+ Str+2 Dex+4}
   129 | D        | Noticed an ogre
   129 | D        | Reached * piety under the Shining One
   134 | D        | Reached XP level 6. HP: 59/61 MP: 5/5
   139 | D        | Reached skill level 10 in Shields
   209 | D        | Noticed a steam dragon
   209 | D        | Noticed a two-headed ogre
   209 | D        | Reached ** piety under the Shining One
   209 | D        | Noticed a two-headed ogre
   209 | D        | Noticed a sky beast
   214 | D        | Killed a sky beast
   219 | D        | Killed a two-headed ogre
   220 | D        | Reached skill level 10 in Fighting
   220 | D        | Reached skill level 10 in Armour
   220 | D        | Reached skill level 1 in Stealth
   220 | D        | Reached XP level 7. HP: 37/72 MP: 6/6
   220 | D        | Reached XP level 8. HP: 41/79 MP: 7/7
   224 | D        | Killed a two-headed ogre
   610 | D        | Reached *** piety under the Shining One
   610 | D        | Noticed a komodo dragon
   610 | D        | Noticed a cane toad
   614 | D        | Reached skill level 1 in Invocations
   614 | D        | Reached XP level 9. HP: 89/89 MP: 8/8
   614 | D        | Noticed a cane toad
   614 | D        | Reached **** piety under the Shining One
   624 | D        | Killed a cane toad
   629 | D        | Killed a komodo dragon
   630 | D        | Reached skill level 5 in Dodging
   646 | D        | Killed a cane toad
   654 | D        | Reached skill level 5 in Invocations
   830 | D        | Noticed a komodo dragon
   830 | D        | Noticed an eight-headed hydra
   830 | D        | Reached ***** piety under the Shining One
   840 | D        | Reached skill level 15 in Long Blades
   846 | D        | Noticed an elephant
   860 | D        | Reached XP level 10. HP: 50/97 MP: 10/13
   860 | D        | Killed a 13-headed hydra
   861 | D        | Reached skill level 1 in Evocations
   880 | D        | Killed an elephant
  1093 | D        | Noticed a cane toad
  1093 | D        | Reached ****** piety under the Shining One
  1112 | D        | Reached skill level 15 in Shields
  1112 | D        | Noticed a cane toad
  1125 | D        | Killed a cane toad
  1138 | D        | Killed a cane toad
  1267 | D        | Noticed an orc knight
  1272 | D        | Killed an orc knight
  1273 | D        | Noticed an orc sorcerer
  1274 | D        | Noticed an orc high priest
  1284 | D        | Killed an orc sorcerer
  1285 | D        | Reached XP level 11. HP: 80/108 MP: 16/16
  1293 | D        | Killed an orc high priest
  1435 | D        | Noticed an orc knight
  1435 | D        | Noticed an orc knight
  1445 | D        | Noticed an orc knight
  1449 | D        | Killed an orc knight
  1454 | D        | Killed an orc knight
  1469 | D        | Killed an orc knight
  1769 | D        | Found Yta Iwn's Armour Boutique.
  1769 | D        | Noticed an orc high priest
  1769 | D        | Noticed an orc high priest
  1769 | D        | Noticed an orc high priest
  1769 | D        | Noticed an orc high priest
  1769 | D        | Noticed an orc knight
  1771 | D        | Noticed an orc knight
  1773 | D        | Noticed an orc knight
  1779 | D        | Killed an orc knight
  1784 | D        | Noticed an orc knight
  1784 | D        | Killed an orc high priest
  1785 | D        | Found Arusmod's Armour Shop.
  1785 | D        | Noticed an orc high priest
  1798 | D        | Killed an orc high priest
  1799 | D        | Reached skill level 15 in Fighting
  2132 | D        | Noticed a sun demon
  2132 | D        | Killed an orc high priest
  2133 | D        | Reached skill level 10 in Invocations
  2195 | D        | Killed an orc high priest
  2211 | D        | Killed an orc knight
  2223 | D        | Killed an orc knight
  2231 | D        | Killed an orc knight
  2310 | D        | Killed an orc high priest
  2311 | D        | Reached XP level 12. HP: 67/122 MP: 17/19
  2610 | D        | Found Plog's Distillery.
  2614 | D        | Found Qolom's Armour Shop.
  2619 | D        | Noticed an orc high priest
  2620 | D        | Noticed an orc high priest
  2639 | D        | Killed an orc high priest
  2654 | D        | Killed an orc high priest
  2780 | D        | Bought a +2 pair of gloves of dexterity for 236 gold pieces
  2795 | D        | Bought a +2 pair of boots of stealth for 279 gold pieces
  2816 | D        | Bought a potion of haste for 100 gold pieces
  2816 | D        | Bought a potion of curing for 30 gold pieces
  2816 | D        | Bought a potion of heal wounds for 50 gold pieces
  2816 | D        | Bought a potion of curing for 30 gold pieces
  2816 | D        | Bought a potion of heal wounds for 50 gold pieces
  2890 | D        | Noticed Harold
  2903 | D        | Killed Harold
  2930 | D        | Noticed Urug
  2944 | D        | Killed Urug
  3040 | D        | Got the +7 long sword "Nypuch" {speed, rPois Str+2}
  3082 | D        | Got the +8 scale mail of the Pit {Int+4}
  3150 | D        | Reached skill level 10 in Dodging
  3151 | D        | Noticed a centaur warrior
  3154 | D        | Noticed a centaur warrior
  3156 | D        | Noticed a stone giant
  3180 | D        | Killed a stone giant
  3188 | D        | Noticed a rakshasa
  3189 | D        | Killed a centaur warrior
  3191 | D        | Killed a centaur warrior
  3219 | D        | Killed a rakshasa
  3286 | D        | Noticed Aizul
  3314 | D        | Killed Aizul
  3320 | D        | Noticed Saint Roka
  3339 | D        | Killed Saint Roka
  3340 | D        | Reached XP level 13. HP: 85/134 MP: 21/21
  3586 | D        | Noticed Agnes
  3588 | D        | Noticed Donald
  3596 | D        | Killed Agnes
  3623 | D        | Killed Donald
  3836 | D        | Noticed an eleionoma
  3866 | D        | Killed an eleionoma
  4223 | D        | Noticed a fire dragon
  4223 | D        | Noticed a frost giant
  4230 | D        | Killed a frost giant
  4242 | D        | Killed a fire dragon
  4257 | D        | Noticed a stone giant
  4277 | D        | Noticed a fire dragon
  4297 | D        | Reached skill level 5 in Evocations
  4298 | D        | HP: 1/137 [stone giant (25)]
  4340 | D        | Noticed Azrael
  4354 | D        | Killed Azrael
  4355 | D        | Reached skill level 15 in Armour
  4583 | D        | Noticed an emperor scorpion
  4602 | D        | Reached skill level 15 in Invocations
  4626 | D        | Killed an emperor scorpion
  4627 | D        | Reached XP level 14. HP: 107/146 MP: 24/24
  4811 | D        | Noticed a nagaraja
  4824 | D        | Killed a nagaraja
  4968 | D        | Killed a stone giant
  5204 | D        | Noticed a stone giant
  5226 | D        | Killed a stone giant
  5449 | D        | Noticed a vault warden
  5466 | D        | Killed a vault warden
  5493 | D        | Noticed an ironheart preserver
  5502 | D        | Noticed an ironheart preserver
  5514 | D        | Paralysed by a great orb of eyes for 2 turns
  5534 | D        | Noticed a stone giant
  5536 | D        | Noticed a vault warden
  5544 | D        | Killed an ironheart preserver
  5548 | D        | Killed an ironheart preserver
  5578 | D        | Noticed a royal mummy
  5578 | D        | Noticed Nikola
  5583 | D        | Killed a stone giant
  5585 | D        | Noticed an emperor scorpion
  5592 | D        | Killed a vault warden
  5604 | D        | Reached XP level 15. HP: 96/158 MP: 26/26
  5631 | D        | Killed a royal mummy
  5632 | D        | HP: 1/160 [Nikola/bolt of lightning (45)]
  5654 | D        | Killed Nikola
  6002 | D        | Noticed Mennas
  6055 | D        | Killed Mennas
  6498 | D        | Noticed Ilsuiw
  6547 | D        | Killed Ilsuiw
  6562 | D        | HP: 6/162 [merfolk javelineer/silver javelin (7)]
  6562 | D        | The Shining One protects you from harm!
  6577 | D        | Got a barnacled rune of Zot
  6987 | D        | Noticed a nagaraja
  6988 | D        | Noticed a nagaraja
  7006 | D        | Reached skill level 1 in Throwing
  7014 | D        | Killed a nagaraja
  7035 | D        | Killed a nagaraja
  7036 | D        | Noticed a nagaraja
  7069 | D        | Killed a nagaraja
  7077 | D        | Reached skill level 5 in Throwing
  7089 | D        | Got a serpentine rune of Zot
  7308 | D        | Reached XP level 16. HP: 146/172 MP: 29/29
  7314 | D        | Got a decaying rune of Zot
  7444 | D        | Reached skill level 27 in Shields
  7521 | D        | Got a gossamer rune of Zot
  7670 | D        | Noticed a tengu reaver
  7673 | D        | Noticed Sojobo
  7676 | D        | Noticed a tengu reaver
  7687 | D        | Killed a tengu reaver
  7700 | D        | Killed Sojobo
  7708 | D        | Killed a tengu reaver
  7709 | D        | Reached skill level 10 in Throwing
  7998 | D        | Noticed Boris
  8016 | D        | Killed Boris
  8314 | D        | Noticed a shadow dragon
  8324 | D        | Reached skill level 27 in Long Blades
  8348 | D        | Killed a shadow dragon
  8349 | D        | Reached XP level 17. HP: 119/188 MP: 31/31
  8381 | D        | Noticed a royal mummy
  8382 | D        | Noticed an Orb Guardian
  8391 | D        | Killed an Orb Guardian
  8404 | D        | Paralysed by a vampire knight for 7 turns
  8406 | D        | HP: 3/190 [vampire knight/+0 halberd (24)]
  8407 | D        | Annihilated by a vampire knight

Illustrated notes

Levels and vault maps discovered:
D:        linesprint [early_d, line_temple, items_1, d_10, items_2, lair_1,
          lair_end, items_3, orc_1, orc_end, items_4, d_15, swamp_1, shoals_1,
          snake_1, spider_1, d_20, vaults_1, items_5, swamp_end, shoals_end,
          snake_end, spider_end, vaults_end, d_27, items_6, zot_1, zot_end,
          crypt_end, forest_end, elf_end, slime_end, tomb_end, abyss_end,
          pan_hell_end]

Skill      XL: |  1  2  3  4  5  6  7  8  9 10 11 12 13 14 15 16 17 |
---------------+----------------------------------------------------+-----
Fighting       | 4 5 6 7 8 10 11 12 13 15 17 19 21 23 26 | 26.9
Armour         | 4 5 7 8 10 11 12 13 15 16 18 19 20 | 20.1
Shields        | 4 5 7 8 9 11 12 14 15 17 19 21 24 26 27 | 27.0
Long Blades    | 3 4 5 6 11 13 15 16 17 19 20 22 24 27 | 27.0
Dodging        | 1 2 4 5 7 9 10 11 | 11.5
Stealth        | 1 |  1.2
Invocations    | 1 5 8 10 13 15 17 20 22 | 22.8
Evocations     | 2 3 4 5 |  5.4
Throwing       | 6 13 14 | 14.3

Action                   |  1- 3 |  4- 6 |  7- 9 | 10-12 | 13-15 | 16-18 || total
-------------------------+-------+-------+-------+-------+-------+-------++-------
Melee: Long sword        |    29 |     5 |       |    90 |   784 |   400 ||  1308
       Headbutt          |     5 |     2 |    17 |   105 |   238 |   149 ||   516
       Scimitar          |       |    19 |    75 |   284 |       |       ||   378
Throw: Javelin           |       |       |       |       |     1 |     7 ||     8
Invok: Divine Shield     |       |       |     1 |     2 |     1 |       ||     4
       Cleansing Flame   |       |       |       |       |     6 |       ||     6
       Summon Divine War |       |       |       |       |     1 |       ||     1
Evoke: Wand              |       |     1 |     5 |     7 |     8 |       ||    21
  Use: Scroll            |       |       |     2 |       |     3 |       ||     5
       Potion            |       |       |     1 |     7 |    13 |       ||    21
Armor: Scale mail        |    10 |     5 |    10 |    21 |       |       ||    46
       Plate armour      |       |       |       |    11 |   179 |    64 ||   254
Dodge: Dodged            |     6 |     7 |    33 |    59 |   209 |    84 ||   398
Block: Kite shield       |    19 |     8 |    59 |   117 |   431 |   216 ||   850
       Tower shield      |       |       |       |    47 |    18 |       ||    65
       Reflection        |       |       |       |       |    11 |     4 ||    15
       Rpst.: Scimitar   |       |     2 |     5 |    13 |       |       ||    20
       Long sword        |       |       |       |     1 |    16 |    12 ||    29

Table legend: (Time is in decaauts)
 A = Elapsed time spent in this place.
 B = Non-inter-level travel time spent in this place.
 C = Inter-level travel time spent in this place.
 D = Time resting spent in this place.
 E = Time spent auto-exploring this place.
 F = Levels seen in this place.
 G = Mean time per level.
                   A        B        C        D        E       F      G
               +--------+--------+--------+--------+--------+-----+--------+
         Total |   7640 |   7640 |      0 |   3726 |   1323 |   1 | 7640.0 |
       Dungeon |   7640 |   7640 |      0 |   3726 |   1323 |   1 | 7640.0 |
               +--------+--------+--------+--------+--------+-----+--------+

Top non-repeatable levels by time:
       D: 7640 daAuts
